 Dungeon Crawl Stone Soup version 0.28-a0-1510-gd0f6b136d3 (webtiles) character file.

Game seed: 3321614955310152464

114 Murumi the Chucker (level 4, 0/45 HPs)
             Began as an Ogre Gladiator on Jan 15, 2022.
             Slain by Ijyb (2 damage)
             ... on level 3 of the Dungeon.
             The game lasted 00:10:55 (2792 turns).

Murumi the Chucker (Ogre Gladiator)                 Turns: 2792, Time: 00:10:56

Health: 0/45       AC:  3    Str: 18    XL:     4   Next: 98%
Magic:  4/4        EV: 10    Int: 11    God:
Gold:   121        SH:  5    Dex: 10    Spells: 3/3 levels left

rFire   . . .      SeeInvis .   k - +0 whip
rCold   . . .      Faith    .   (no shield)
rNeg    . . .      Spirit   .   b - +0 robe
rPois   .          Reflect  +   c - +0 hat
rElec   .          Harm     .   (no cloak)
rCorr   .          Rampage  .   (gloves unavailable)
Will    .....                   (boots unavailable)
Stlth   ++........              e - amulet of reflection
HPRegen 0.15/turn               (no ring)
MPRegen 0.09/turn               (no ring)

@: attractive
A: large, unfitting armour, tough skin 1
a: no special abilities


You were on level 3 of the Dungeon.
You visited 1 branch of the dungeon, and saw 3 of its levels.

You collected 121 gold pieces.

Inventory:

Hand Weapons
 a - a +1 flail
 k - a +0 whip (weapon)
Missiles
 d - a throwing net (quivered)
 f - 4 silver boomerangs
 i - 67 stones
Armour
 b - a +0 robe (worn)
 c - a +0 hat (worn)
Jewellery
 e - an amulet of reflection (around neck)
Potions
 j - a potion of cancellation {unknown}
 m - 2 potions of attraction


   Skills:
 - Level 3.0 Fighting
 - Level 3.0 Maces & Flails
 + Level 3.5 Throwing
 - Level 3.0 Dodging
 - Level 2.0 Stealth


You had 3 spell levels left.
You didn't know any spells.
Your spell library contained the following spells:

 Spells                   Type           Power      Damage    Failure   Level
 Airstrike                Air            0%         N/A       98%         4
 Summon Lightning Spire   Summ/Air       0%         N/A       98%         4
 Lightning Bolt           Conj/Air       0%         1d11      100%        5


Dungeon Overview and Level Annotations

Branches:
Dungeon (3/15)

Altars:
Nemelex Xobeh

Shops:
D:2 !

Annotations:
D:3 Ijyb


Innate Abilities, Weirdness & Mutations

You are too large for most types of armour.
You have tough skin. (AC +1)


Message History

Press: ? - help, Q - select action, (/) - cycle Shift-Dir - straight line, f/p - Ijyb
Aim: Ijyb, wielding a +0 dagger, wearing a +0 leather armour and carrying a wand of charming (1) (lightly wounded, 50% to hit)
You throw a poisoned dart. The poisoned dart hits Ijyb!
Ijyb is poisoned.
Ijyb is lightly wounded.
Ijyb hits you with a +0 dagger.
Throw: 4 darts (poison)
Press: ? - help, Q - select action, (/) - cycle Shift-Dir - straight line, f/p - Ijyb
Aim: Ijyb, wielding a +0 dagger, wearing a +0 leather armour and carrying a wand of charming (1) (lightly wounded, very poisoned, 50% to hit)
You throw a poisoned dart. The poisoned dart closely misses Ijyb.
Ijyb hits you with a +0 dagger.
* * * LOW HITPOINT WARNING * * *
Throw: 3 darts (poison)
Press: ? - help, Q - select action, (/) - cycle Shift-Dir - straight line, f/p - Ijyb
Aim: Ijyb, wielding a +0 dagger, wearing a +0 leather armour and carrying a wand of charming (1) (moderately wounded, very poisoned, 50% to hit)
You throw a poisoned dart. The poisoned dart hits Ijyb.
Ijyb looks even sicker.
Ijyb is moderately wounded.
Throw: 2 darts (poison)
Press: ? - help, Q - select action, (/) - cycle Shift-Dir - straight line, f/p - Ijyb
Aim: Ijyb, wielding a +0 dagger, wearing a +0 leather armour and carrying a wand of charming (1) (moderately wounded, very poisoned, 50% to hit)
You throw a poisoned dart. The poisoned dart closely misses Ijyb.
Ijyb misses you.
Throw: dart (poison)
Press: ? - help, Q - select action, (/) - cycle Shift-Dir - straight line, f/p - Ijyb
Aim: Ijyb, wielding a +0 dagger, wearing a +0 leather armour and carrying a wand of charming (1) (moderately wounded, very poisoned, 50% to hit)
You throw a poisoned dart. The poisoned dart closely misses Ijyb.
Ijyb hits you with a +0 dagger.
* * * LOW HITPOINT WARNING * * *
You hit Ijyb.
Ijyb is moderately wounded.
Ijyb hits you with a +0 dagger.
* * * LOW HITPOINT WARNING * * *
You hit Ijyb.
Ijyb is heavily wounded.
Ijyb hits you with a +0 dagger.
* * * LOW HITPOINT WARNING * * *
Okay, then.
It was a potion of attraction.
You feel attractive to monsters. Ijyb hits you with a +0 dagger.
You die...

##### #...#
#...# #...#
#...# #..(#
#@g(#
#...#####
#...'...#
#...###.#
#...#.#.#
#.....#.#
###.#.#.#.#
#....<....#
#.#.#.#####


You could see Ijyb (very poisoned).

Vanquished Creatures
  Robin (D:2)
  An adder (D:2)
  3 gnolls (D:2)
  A dart slug (D:2)
  3 bats
  8 endoplasms
  2 giant cockroaches
  8 goblins
  5 hobgoblins (D:2)
  7 jackals (D:1)
  3 kobolds (D:1)
  2 quokkas
  6 ball pythons
  2 frilled lizards
  5 rats
57 creatures vanquished.

Notes
Turn   | Place    | Note
-------+----------+-------------------------------------------
     0 | D:1      | Murumi the Ogre Gladiator began the quest for the Orb.
     0 | D:1      | Reached XP level 1. HP: 22/22 MP: 1/1
   207 | D:1      | Reached XP level 2. HP: 30/31 MP: 2/2
   691 | D:1      | Found a faded altar of an unknown god.
   719 | D:1      | Reached skill level 1 in Stealth
   745 | D:1      | Reached XP level 3. HP: 33/37 MP: 3/3
  1191 | D:2      | Found Neeluola's Distillery.
  1272 | D:2      | Noticed Robin
  1462 | D:2      | Reached XP level 4. HP: 18/45 MP: 4/4
  1801 | D:2      | Found a sparkling altar of Nemelex Xobeh.
  1953 | D:2      | Killed Robin
  1959 | D:2      | HP: 2/45 [goblin[Robin] (5)]
  2746 | D:3      | Noticed Ijyb
  2791 | D:3      | HP: 2/45 [Ijyb (3)]
  2792 | D:3      | Slain by Ijyb

Illustrated notes

Levels and vault maps discovered:
D:1:      beargit_arrival_diablo_church, layout_basic,
          ebering_ecumenical_altar_hall
D:2:      layout_basic, basic_altar, serial_shops, shop,
          minmay_misc_feat_secret_circle, uniq_robin
D:3:      layout_basic, mainiacjoe_overflow_alcove_4, uniq_natasha, uniq_ijyb

Skill      XL: |  1  2  3  4 |
---------------+-------------+-----
Fighting       | 3 |  3.0
Maces & Flails | 3 |  3.0
Dodging        | 3 |  3.0
Stealth        | 1 2 |  2.0
Throwing       | 3 |  3.5

Action                   |  1- 3 |  4- 6 || total
-------------------------+-------+-------++-------
Melee: Flail             |   111 |     4 ||   115
       Punch             |     2 |     1 ||     3
       Whip              |       |    80 ||    80
Throw: Dart              |     8 |    12 ||    20
       Stone             |     4 |    18 ||    22
       Throwing net      |     1 |     3 ||     4
  Use: Scroll            |     3 |       ||     3
       Potion            |       |     3 ||     3
 Stab: Sleeping          |     4 |     1 ||     5
       Held in net/web   |       |     2 ||     2
       Invisible         |       |     1 ||     1
Armor: Robe              |    35 |    10 ||    45
Dodge: Dodged            |    79 |    35 ||   114
Block: Other             |    12 |    21 ||    33
       Reflection        |       |     1 ||     1

Table legend: (Time is in decaauts)
 A = Elapsed time spent in this place.
 B = Non-inter-level travel time spent in this place.
 C = Inter-level travel time spent in this place.
 D = Time resting spent in this place.
 E = Time spent auto-exploring this place.
 F = Levels seen in this place.
 G = Mean time per level.
                   A        B        C        D        E       F      G
               +--------+--------+--------+--------+--------+-----+--------+
         Total |   2817 |   2593 |    224 |    283 |   1777 |   3 |  939.0 |
       Dungeon |   2817 |   2593 |    224 |    283 |   1777 |   3 |  939.0 |
               +--------+--------+--------+--------+--------+-----+--------+

Top non-repeatable levels by time:
     D:2: 1492 daAuts
     D:1: 1262 daAuts
     D:3: 61 daAuts
